 Dungeon Crawl Stone Soup version 0.28.0-53-g5a82cb258f (webtiles) character file.

Game seed: 1807377268248415

154 safid the Chopper (level 5, -2/46 HPs)
             Began as a Hill Orc Fighter on Aug 5, 2022.
             Was a Follower of Beogh.
             Slain by a gnoll
             ... wielding a +0 flail
              (8 damage)
             ... on level 3 of the Dungeon.
             The game lasted 00:02:42 (2359 turns).

safid the Chopper (Hill Orc Fighter)                Turns: 2359, Time: 00:02:43

Health: -2/46      AC: 11    Str: 21    XL:     5   Next: 35%
Magic:  5/5        EV:  9    Int:  8    God:    Beogh [*.....]
Gold:   92         SH:  4    Dex: 10    Spells: 4/4 levels left

rFire   . . .      SeeInvis .   a - +0 war axe
rCold   . . .      Faith    .   c - +0 buckler
rNeg    . . .      Spirit   .   b - +0 scale mail
rPois   .          Reflect  .   (no helmet)
rElec   .          Harm     .   (no cloak)
rCorr   .          Rampage  .   (no gloves)
Will    .....                   (no boots)
Stlth   ..........              (no amulet)
HPRegen 0.15/turn               g - +4 ring of protection
MPRegen 0.09/turn               (no ring)

@: no status effects
A: no striking features
a: Renounce Religion


You were on level 3 of the Dungeon.
You worshipped Beogh.
Beogh was aware of your devotion.
You visited 1 branch of the dungeon, and saw 3 of its levels.

You collected 92 gold pieces.

Inventory:

Hand Weapons
 a - a +0 war axe (weapon)
Armour
 b - a +0 scale mail (worn)
 c - a +0 buckler (worn)
Jewellery
 g - a +4 ring of protection (left hand)
Scrolls
 e - 2 scrolls of immolation {unknown}
 f - 2 scrolls of identify {unknown}
 h - a scroll of blinking {unknown}
 j - 2 scrolls of holy word {unknown}
 l - a scroll of teleportation {unknown}
 n - a scroll of fog {unknown}
 o - a scroll of magic mapping {unknown}
Potions
 d - a potion of might
 i - a potion of brilliance {unknown}
 k - a potion of curing {unknown}
 m - a potion of mutation {unknown}
 p - a potion of attraction {unknown}


   Skills:
 - Level 4.0 Fighting
 + Level 5.7 Axes
 - Level 4.0 Armour
 - Level 4.0 Shields


You had 4 spell levels left.
You didn't know any spells.
Your spell library contained the following spells:

 Spells                   Type           Power      Damage    Failure   Level
 Animate Skeleton         Necr           0%         N/A       83%         1
 Pain                     Necr           0%         1d4       83%         1
 Conjure Flame            Conj/Fire      0%         6-21      99%         3
 Ignite Poison            Fire/Tmut/Pois 0%         N/A       99%         3
 Vampiric Draining        Necr           0%         2d6       99%         3
 Sticky Flame             Conj/Fire      0%         2d3       100%        4


Dungeon Overview and Level Annotations

Branches:
Dungeon (3/15)

Altars:
Yredelemnul
Zin

Annotations:
D:3 3 runed translucent doors, turdburglar's ghost, amateur HuFi


Message History

Beogh accepts your kill.
You hit the gnoll. You block the bat's attack.
The gnoll hits you with a +0 halberd. The gnoll hits you but does no damage.
You closely miss the gnoll.
The gnoll is severely wounded.
You hit the bat but do no damage. You hit the gnoll. The bat barely misses you.
The bat hits you but does no damage. The gnoll closely misses you.
The gnoll hits you but does no damage. The bat hits you but does no damage.
You block the gnoll's attack.
Unknown command.
You hit the gnoll but do no damage.
The gnoll is severely wounded.
You slash the bat!
You kill the bat!
Beogh accepts your kill.
You slash the gnoll!
You kill the gnoll!
Beogh accepts your kill. The gnoll hits you but does no damage.
The gnoll hits you with a +0 flail.
You closely miss the gnoll.
The gnoll is severely wounded.
The gnoll hits you with a +0 flail!
* * * LOW HITPOINT WARNING * * *
Unknown command.
You closely miss the gnoll.
The gnoll is severely wounded.
The gnoll closely misses you.
You closely miss the gnoll.
The gnoll is severely wounded.
The gnoll barely misses you.
Unknown command.
You closely miss the gnoll.
The gnoll is severely wounded.
The gnoll barely misses you. The gnoll hits you with a +0 flail.
* * * LOW HITPOINT WARNING * * *
Unknown command.
You barely miss the gnoll.
The gnoll is severely wounded.
The gnoll hits you with a +0 flail!
You die...

.#.# #.....#.### ##.#
#.###.#.# .......
##.###.# #.#.# .......
.....#.# #...# .......
.......###..## .......
........##..#####.......
.........#....##........
...............g))......
♣._.♣♣.#.÷÷##.##@)......
♣♣♣♣.###...÷....†#######
######.###..##..##
...#...#......).##
....[##....>.....###
.....#.............#
...............^.#.#
.................#.##
....#.#.........##..#


You could see a gnoll.

Vanquished Creatures
  3 gnolls (D:3)
  An adder (D:2)
  A shadow imp (D:3)
  2 worms (D:3)
  4 dart slugs
  9 orcs (D:3)
  6 bats
  9 endoplasms
  2 giant cockroaches
  6 hobgoblins
  6 jackals
  7 quokkas
  6 ball pythons
  3 frilled lizards
  3 goblins
  10 kobolds
  4 rats
82 creatures vanquished.

Vanquished Creatures (others)
  An orc (D:3)
1 creature vanquished.

Grand Total: 83 creatures vanquished

Notes
Turn   | Place    | Note
-------+----------+-------------------------------------------
     0 | D:1      | safid the Hill Orc Fighter began the quest for the Orb.
     0 | D:1      | Reached XP level 1. HP: 19/19 MP: 1/1
    29 | D:1      | Reached XP level 2. HP: 18/27 MP: 2/2
    33 | D:1      | Reached skill level 3 in Axes
   329 | D:1      | Reached XP level 3. HP: 33/33 MP: 3/3
   844 | D:2      | Found a faded altar of an unknown god.
  1355 | D:2      | Reached XP level 4. HP: 34/40 MP: 4/4
  1430 | D:2      | Found a basalt altar of Yredelemnul.
  1596 | D:3      | Reached skill level 4 in Axes
  1725 | D:3      | Found a runed translucent gate.
  1725 | D:3      | Found a runed translucent gate.
  1725 | D:3      | Found a runed translucent gate.
  1727 | D:3      | Noticed turdburglar's ghost (amateur HuFi)
  1874 | D:3      | Became a worshipper of Beogh the Brigand
  2096 | D:3      | Found a glowing silver altar of Zin.
  2185 | D:3      | Reached skill level 5 in Axes
  2233 | D:3      | Reached XP level 5. HP: 38/46 MP: 5/5
  2354 | D:3      | Reached * piety under Beogh
  2359 | D:3      | Slain by a gnoll

Illustrated notes

Levels and vault maps discovered:
D:1:      nzn_arrival_crosshair, layout_basic
D:2:      layout_loops_cross, ebering_ecumenical_altar_abandoned, basic_altar,
          chequers_serial_rivers_marsh, minmay_3d_cube
D:3:      layout_rooms, zin_academy, ebering_ghost_rock_garden

Skill      XL: |  1  2  3  4 |
---------------+-------------+-----
Axes           | 3 5 |  5.7
Fighting       | 4 |  4.0
Armour         | 4 |  4.0
Shields        | 4 |  4.0

Action                   |  1- 3 |  4- 6 || total
-------------------------+-------+-------++-------
Melee: War axe           |   105 |   111 ||   216
Invok: Convert to Beogh  |       |     1 ||     1
Armor: Scale mail        |    57 |    74 ||   131
Dodge: Dodged            |    46 |    72 ||   118
Block: Buckler           |    23 |    30 ||    53
